 Dungeon Crawl Stone Soup version 0.25.1-8-g42b30a86e7 (webtiles) character file.

Game seed: 380128292280471088

24 alexpussydestroyer the Ducker (level 2, 0/14 HPs)
             Began as a Felid Berserker on Dec 18, 2020.
             Was a Follower of Trog.
             Slain by a hobgoblin (3 damage)
             ... on level 2 of the Dungeon.
             The game lasted 00:01:54 (1463 turns).

alexpussydestroyer the Ducker (Felid Berserker)     Turns: 1463, Time: 00:01:55

Health: 0/14       AC:  1    Str: 13    XL:     2   Next: 79%
Magic:  3/3        EV: 20    Int:  8    God:    Trog [*.....]
Gold:   58         SH:  0    Dex: 15    Spells: 1/1 levels left
                                        Lives:  0   Deaths: 0

rFire    . . .     SeeInvis +     - Unarmed
rCold    . . .     Gourm    .   (shield unavailable)
rNeg     . . .     Faith    .   (armour unavailable)
rPois    .         Spirit   .   (helmet unavailable)
rElec    .         Reflect  .   (cloak unavailable)
rCorr    .         Harm     .   (gloves unavailable)
MR       .....                  (boots unavailable)
Stlth    +.........             (no amulet)
HPRegen  0.04/turn              b - ring of attention (curse)
MPRegen  0.08/turn              (no ring)

@: lethally poisoned (0 -> -4), quick
A: very small, no armour, no weapons or thrown items, stealth, claws 1, fangs 3,
see invisible, carnivore, speed 1, shaggy fur 1, slow metabolism 1, sharp paws
a: Berserk, Renounce Religion


You were on level 2 of the Dungeon.
You worshipped Trog.
Trog was aware of your devotion.
You were completely stuffed.

You visited 1 branch of the dungeon, and saw 2 of its levels.

You collected 58 gold pieces.

Inventory:

Jewellery
 b - a cursed ring of attention (left paw)
Scrolls
 c - 2 scrolls of remove curse {unknown}
Comestibles
 a - a ration
 d - 4 chunks of flesh


   Skills:
 + Level 3.1 Fighting
 + Level 4.8 Dodging
 + Level 3.4 Unarmed Combat


You had one spell level left.
You didn't know any spells.
Your spell library was empty.

Dungeon Overview and Level Annotations

Branches:
Dungeon (2/15)

Altars:
Dithmenos


Innate Abilities, Weirdness & Mutations

You cannot wear armour.
You are incapable of wielding weapons or throwing items.
Your paws allow you to move quietly. (Stealth)
You have sharp claws.
You have razor-sharp teeth.
You have supernaturally acute eyesight. (SInv)
You are carnivorous and can eat meat at any time.
You cover ground quickly.
You are covered in fur. (AC +1)
You have a slow metabolism.
Your sharp claws are effective at attacking unaware monsters.


Message History

A frilled lizard, an adder and a hobgoblin come into view.
The adder hisses angrily.
The frilled lizard hisses angrily.
The hobgoblin shouts!
Found 16 gold pieces.
A hobgoblin comes into view. It is wielding a +0 club.
The hobgoblin shouts!
A leopard gecko comes into view.
A giant cockroach comes into view.
The hobgoblin throws a stone.
The stone completely misses you. The adder bites you.
You are poisoned.
The adder poisons you! The frilled lizard closely misses you.
The hobgoblin hits you.
You claw the adder!
The adder is severely wounded.
You feel sick. The adder bites you.
* * * LOW HITPOINT WARNING * * *
There is a lethal amount of poison in your body!
The hobgoblin hits you.
You die...

#... ##.#. #..## #...#
##... #### ##### #####
##.. ..... .$(# #...
.....
#...##.#######.########
#.>..S@...†...........÷
......l.g#######.###...#.
.....l...+.......# #.#.#.
....s....###########.#.#.
......g..##..........#...
.........##.#..........#.
.........##.#...#.####.#.
.........##.+...+.#....##
###...###.####


You could see an adder, a leopard gecko, a giant cockroach, 2 hobgoblins and a
frilled lizard.

Vanquished Creatures
  2 dart slugs (D:1)
  2 bats
  2 giant cockroaches (D:1)
  A goblin (D:1)
  4 hobgoblins
  3 kobolds (D:1)
  5 frilled lizards (D:1)
  A rat (D:2)
20 creatures vanquished.

Notes
Turn   | Place    | Note
-------+----------+-------------------------------------------
     0 | D:1      | alexpussydestroyer the Felid Berserker began the quest for
                  | the Orb.
     0 | D:1      | Reached XP level 1. HP: 10/10 MP: 2/2
   172 | D:1      | Reached XP level 2. HP: 8/14 MP: 3/3
  1345 | D:2      | Found a shadowy altar of Dithmenos.
  1463 | D:2      | Slain by a hobgoblin

Illustrated notes

Levels and vault maps discovered:
D:1:      minmay_arrival_widening_spiral_narrow, layout_basic
D:2:      layout_basic, lemuel_round_altar, chequers_ecumenical_altar_lobes,
          serial_undead, serial_undead_b, serial_undead_f, serial_undead_f,
          serial_undead_c, nicolae_dithmenos_through_a_glass_darkly

Action                   || total
-------------------------++-------
Melee: Unarmed           ||    59
       Bite              ||     7
  Eat: Chunk             ||     8
Armor: Skin              ||     2
Dodge: Dodged            ||    44
